 Dungeon Crawl Stone Soup version 0.30.0-29-ga12c61a403 (webtiles) character file.

Game seed: 4592826294686036811

14583 javelincjr the Fighter (level 12, -9/80 HPs)
             Began as a Djinni Conjurer on June 14, 2023.
             Was a High Priest of Hepliaklqana.
             Shot with an arrow by Nessos (17 damage)
             ... on level 12 of the Dungeon.
             The game lasted 01:02:59 (11191 turns).

javelincjr the Fighter (Djinni Conjurer)           Turns: 11191, Time: 01:02:59

Health: -9/80      AC:  8    Str:  8    XL:     12   Next: 47%
Gold:   838        EV: 13    Int: 28    God:    Hepliaklqana [*****.] SH:  3 Dex: 13

rFire   + + +        q - staff of conjuration
rCold   x x .        E - +0 buckler
rNeg    . . .        Q - +0 troll leather armour
rPois   ∞            X - +1 helmet {SInv}
rElec   .            s - scarf {+Inv}
rCorr   .            L - +0 pair of gloves
SInv    +            (boots unavailable)
Will    +....        J - amulet of regeneration
Stlth   +++          d - ring of fire
HPRegen 1.93/turn    r - +6 ring of intelligence
MPRegen 0.00/turn

%: clarity, infuse magic (-10 HP)
@: flying, very slightly contaminated, studying Throwing
A: reduced essence, sickness immunity, fire resistance 2, cold vulnerability 1,
float, innate caster, HP casting, extra vitality 1, clarity, mutation resistance
1
a: Renounce Religion, Evoke Invisibility, Recall Ancestor, Ancestor Identity,
Transference, Idealise


You were on level 12 of the Dungeon.
You worshipped Hepliaklqana.
Hepliaklqana was extremely pleased with you.
You visited 1 branch of the dungeon, and saw 12 of its levels.
You also visited: Ossuary.

You collected 901 gold pieces.
You spent 63 gold pieces at shops.

Inventory:

Hand Weapons
 u - a +2 short sword of venom
 B - a +4 dagger
 D - a +0 flail of holy wrath
 H - a +3 spear
 M - a +4 dagger
 P - a +5 hand axe
 S - a +0 vampiric hand axe
Armour
 a - a +0 robe
 c - a +0 cloak
 n - a +2 scale mail of willpower
 s - a scarf of invisibility (worn)
 C - +0 steam dragon scales
 E - a +0 buckler (worn)
 L - a +0 pair of gloves (worn)
 Q - a +0 troll leather armour (worn)
 X - a +1 helmet of see invisible (worn)
Magical Staves
 m - a staff of fire
 q - a staff of conjuration (weapon)
Jewellery
 d - a ring of fire (left hand)
 r - a +6 ring of intelligence (right hand)
 J - an amulet of regeneration (around neck)
 O - a ring of willpower
 R - a +4 ring of protection
Wands
 y - a wand of polymorph (12)
 F - a wand of flame (29)
 T - a wand of charming (11)
Scrolls
 e - 2 scrolls of amnesia {unknown}
 i - 4 scrolls of blinking
 k - 5 scrolls of immolation
 l - 4 scrolls of enchant weapon
 p - 11 scrolls of teleportation
 v - 5 scrolls of fear
 I - 2 scrolls of torment {unknown}
 N - a scroll of vulnerability {unknown}
 U - a scroll of magic mapping {unknown}
 V - 2 scrolls of enchant armour {unknown}
Potions
 f - 3 potions of resistance
 g - 5 potions of mutation
 h - 2 potions of brilliance {unknown}
 j - 3 potions of lignification
 o - 6 potions of curing
 t - a potion of degeneration {unknown}
 w - a potion of haste {unknown}
 x - 2 potions of berserk rage
 z - 5 potions of heal wounds
 A - 2 potions of might {unknown}
 G - a potion of magic {unknown}
 K - a potion of attraction {unknown}
 W - 2 potions of ambrosia {unknown}
 Y - 2 potions of invisibility


   Skills:
 * Level 9.2 Fighting
 + Level 6.3 Armour
 + Level 7.6 Dodging
 + Level 6.2 Stealth
 * Level 8.0 Spellcasting
 + Level 6.2 Invocations
 + Level 6.1 Evocations


You knew the following spells:

 Your Spells              Type           Power      Damage    Failure   Level
a - Magic Dart            Conj           100%       1d8       1%          1
b - Searing Ray           Conj           100%       2d8       1%          2
c - Dazzling Flash        Conj/Hex       100%       N/A       1%          3
d - Fulminant Prism       Conj/Hex       35%        3d18      4%          4
e - Iskenderun's Mystic   Conj/Tloc      71%        2d14      4%          4
f - Summon Small Mammal   Summ           100%       N/A       1%          1
g - Blink                 Tloc           100%       N/A       1%          2
h - Wereblood             Tmut           54%        N/A       1%          2
i - Leda's Liquefaction   Hex/Erth       27%        N/A       4%          4
j - Summon Forest         Summ/Tloc      27%        N/A       11%         5
Your spell library was empty.

Dungeon Overview and Level Annotations

Branches:
Dungeon (12/15)            Temple (0/1) D:4            Lair (0/5) D:11
    Orc (0/2) D:10        Ossuary (visited)

Altars:
Cheibriados
Dithmenos
Elyvilon
Hepliaklqana
Nemelex Xobeh
Okawaru
Ru
Xom
Yredelemnul
The Shining One

Shops:
D:7 *[   D:8 (*[[:

Annotations:
D:8 3 runed translucent doors, seaoflcl's ghost, novice MiFi
D:12 Nessos


Innate Abilities, Weirdness & Mutations

Your life essence is reduced to manifest your ancestor. (-10% HP)
You are immune to sickness and miasma.
You are immune to poison.
Your flesh is very heat resistant. (rF++)
You are vulnerable to cold. (rC-)
You float through the air rather than walking.
You learn spells naturally, not from books.
Your magical power is your life essence.
You have superior vitality. (+4 MHP)
You possess an exceptional clarity of mind.
You are somewhat resistant to further mutation.


Message History

Your fulminant prism explodes!
You hear a shout!
You hear a bark! x2
Casting: Fulminant Prism (dangerous; 4% risk of failure)
Confirm with . or Enter, or press ? or * to list all spells.
Aiming: Fulminant Prism (dangerous; 4% risk of failure)
Press: ? - help, Dir - move target You feel a surge of power!
You miscast Fulminant Prism.
You are very lightly contaminated with residual magic.
Nothing appears to happen.
Nessos gestures wildly while chanting.
Nessos seems to speed up.
Nessos shoots an arrow.
The arrow barely misses you.
Zimri-Dagan gestures at Nessos while chanting.
The stone arrow hits Nessos!
Casting: Fulminant Prism (dangerous; 4% risk of failure)
Confirm with . or Enter, or press ? or * to list all spells.
Aiming: Fulminant Prism (dangerous; 4% risk of failure)
Press: ? - help, Dir - move target You feel a surge of power!
You conjure a prism of explosive energy!
A fulminant prism comes into view.
Nessos gestures wildly while chanting.
Nessos blinks!
Nessos shoots an arrow.
The arrow closely misses you.
Nessos shoots an arrow.
You block the arrow.
Zimri-Dagan hits Nessos with a +0 quarterstaff!
Nessos shoots an arrow.
The arrow hits you!
You hear a loud crackle.
Nessos shoots an arrow.
The arrow hits you.
Nessos shoots an arrow.
The arrow hits you!!
* * * LOW HITPOINT WARNING * * *
The arrow burns you.
* * * LOW HITPOINT WARNING * * *
Zimri-Dagan hits Nessos with a +0 quarterstaff.
You hear an explosion!
The blast of energy engulfs Nessos!!
Nessos is severely wounded.
Zimri-Dagan avoids your attack.
There is a stone staircase leading up here.
Nessos shoots an arrow.
The arrow hits you!
You die...

....# ....# .....
... ..... ...
))....
##.##..)...
...#).....
######.........
#@....[........
#....##..c.......
#....##.*.R.$##..
#...##.......#
#......)..§..#
+..............
#.>.............
#................
................


You could see the friendly Zimri-Dagan the battlemage and Nessos (fast, ally
target).

Vanquished Creatures
  Erolcha (D:12)
  A two-headed ogre (D:9)
  Pikel (D:5)
  A deep elf pyromancer (D:12)
  A manticore (D:11)
  Joseph (D:9)
  2 unseen horrors
  2 trolls
  Prince Ribbit (D:6)
  A vampire (D:10)
  A shadow (D:9)
  6 yaks
  2 wraiths
  The ghost of BONEBRO the Chopper, an amateur MiFi (D:4)
  A wyvern (D:9)
  5 vampire mosquitoes
  Menkaure (Ossuary)
  An acid dragon (D:9)
  2 water moccasins
  Duvessa (D:4)
  A sky beast (D:7)
  An orc warrior (D:10)
  A black bear (D:4)
  2 ice beasts
  2 centaurs (D:9)
  An ogre (D:4)
  3 lemures (D:5)
  A kobold brigand (D:9)
  A bullfrog (D:9)
  2 scorpions
  6 wights
  Dowan (D:4)
  8 killer bees (D:9)
  4 orc priests
  A jelly (D:6)
  A sleepcap (D:4)
  4 iguanas
  6 orc wizards
  2 mummies (Ossuary)
  6 adders
  4 gnolls (D:3)
  3 white imps
  An ufetubus (D:4)
  3 dart slugs
  43 orcs
  3 ball pythons
  3 bats
  6 endoplasms
  3 giant cockroaches
  3 gnoll zombies (Ossuary)
  11 goblins
  6 hobgoblins
  8 jackals
  19 kobolds
  3 quokkas
  3 frilled lizards
  2 gnoll skeletons (Ossuary)
  3 goblin skeletons (Ossuary)
  4 goblin zombies (Ossuary)
  3 hobgoblin skeletons (Ossuary)
  3 hobgoblin zombies (Ossuary)
  2 jackal zombies (D:4)
  4 kobold skeletons (Ossuary)
  4 kobold zombies (Ossuary)
  4 orc skeletons (Ossuary)
  3 orc zombies (Ossuary)
  4 rats
  4 rat skeletons (Ossuary)
  3 rat zombies (Ossuary)
252 creatures vanquished.

Vanquished Creatures (collateral kills)
  A cyclops (D:11)
  A manticore (D:12)
  Maggie (D:9)
  A shadow (D:11)
  2 wyverns
  4 yaks
  A wraith (D:11)
  2 steam dragons
  2 vampire mosquitoes (D:10)
  3 water moccasins
  A sky beast (D:7)
  8 orc warriors
  2 ogres
  A black bear (D:7)
  A phantom (D:4)
  3 kobold brigands
  6 wights
  6 killer bees (D:9)
  A howler monkey (D:7)
  A jelly (D:8)
  A hound (D:6)
  4 orc priests
  2 iguanas
  2 sleepcaps
  5 orc wizards
  A mummy (Ossuary)
  An adder (D:6)
  A shadow imp (D:6)
  A white imp (D:6)
  12 orcs
  A gnoll skeleton (Ossuary)
  2 gnoll zombies (Ossuary)
  A goblin skeleton (Ossuary)
  A goblin zombie (Ossuary)
  A hobgoblin zombie (Ossuary)
  A kobold skeleton (Ossuary)
  A kobold zombie (Ossuary)
  An orc skeleton (Ossuary)
  A rat skeleton (Ossuary)
88 creatures vanquished.

Vanquished Creatures (others)
  3 battlemagi
  3 ancestors
  44 fulminant prisms
50 creatures vanquished.

Grand Total: 390 creatures vanquished

Notes
Turn   | Place    | Note
-------+----------+-------------------------------------------
     0 | D:1      | javelincjr the Djinni Conjurer began the quest for the Orb.
     0 | D:1      | javelincjr set off with the following spells memorised:
                  | Magic Dart, Searing Ray, Dazzling Flash, Fulminant Prism,
                  | Iskenderun's Mystic Blast.
     0 | D:1      | Reached XP level 1. HP: 15/15 MP: 0/0
   237 | D:1      | Reached XP level 2. HP: 21/21 MP: 0/0
   374 | D:1      | You are sucked into a shaft and drop 1 floor!
   392 | D:2      | Reached skill level 1 in Fighting
   392 | D:2      | Reached XP level 3. HP: 22/27 MP: 0/0
   392 | D:2      | Learned a level 1 spell: Summon Small Mammal
   618 | D:1      | Found a faded altar of an unknown god.
  1793 | D:3      | Reached XP level 4. HP: 20/32 MP: 0/0
  1933 | D:3      | Found a sacrificial altar of Ru.
  2081 | D:3      | Found a hazy altar of Hepliaklqana.
  2085 | D:3      | Became a worshipper of Hepliaklqana the Forgotten
  2101 | D:3      | Reached skill level 2 in Fighting
  2273 | D:3      | Found a basalt altar of Yredelemnul.
  2395 | D:3      | Reached XP level 5. HP: 34/38 MP: 0/0
  2395 | D:3      | Learned a level 2 spell: Blink
  2586 | D:3      | Found an iron altar of Okawaru.
  2806 | D:4      | Found a runed translucent door.
  2886 | D:4      | Noticed a phantom
  2896 | D:4      | Killed a phantom
  2897 | D:4      | Reached skill level 1 in Armour
  2897 | D:4      | Reached XP level 6. HP: 36/45 MP: 0/0
  2995 | D:4      | Reached skill level 1 in Invocations
  2995 | D:4      | Reached skill level 1 in Evocations
  3113 | D:4      | Noticed Duvessa
  3113 | D:4      | Noticed Dowan
  3149 | D:4      | Found a white marble altar of Elyvilon.
  3150 | D:4      | Killed Dowan
  3151 | D:4      | Reached skill level 3 in Fighting
  3151 | D:4      | Reached XP level 7. HP: 45/50 MP: 0/0
  3151 | D:4      | Learned a level 2 spell: Wereblood
  3274 | D:4      | Found a sand-covered staircase.
  3419 | Ossuary  | Entered an ossuary
  3453 | Ossuary  | Reached * piety under Hepliaklqana
  3831 | Ossuary  | Noticed Menkaure
  3839 | Ossuary  | Killed Menkaure
  4043 | Ossuary  | Gained mutation: You possess an exceptional clarity of
                  | mind. [potion of mutation]
  4043 | Ossuary  | Gained mutation: You are somewhat resistant to further
                  | mutation. [potion of mutation]
  4112 | D:4      | Killed Duvessa
  4113 | D:4      | Reached XP level 8. HP: 33/52 MP: 0/0
  4179 | D:4      | Noticed BONEBRO's ghost (amateur MiFi)
  4198 | D:4      | Killed BONEBRO's ghost
  4199 | D:4      | Reached skill level 4 in Fighting
  4317 | D:4      | Found a staircase to the Ecumenical Temple.
  4817 | D:5      | Entered Level 5 of the Dungeon
  5016 | D:5      | Noticed Pikel
  5310 | D:5      | Reached ** piety under Hepliaklqana
  5311 | D:5      | Remembered your ancestor Zimri-Dagan as a battlemage
  5401 | D:5      | Reached skill level 5 in Spellcasting
  5589 | D:5      | Found a sparkling altar of Nemelex Xobeh.
  5690 | D:5      | Killed Pikel
  5691 | D:5      | Reached skill level 5 in Fighting
  5691 | D:5      | Reached XP level 9. HP: 45/58 MP: 0/0
  5691 | D:5      | Learned a level 4 spell: Leda's Liquefaction
  6012 | D:6      | Reached skill level 5 in Dodging
  6209 | D:6      | Noticed Prince Ribbit
  6217 | D:6      | Killed Prince Ribbit
  6488 | D:6      | Reached skill level 6 in Fighting
  6555 | D:6      | Reached *** piety under Hepliaklqana
  6592 | D:7      | Found Wobiv's Armour Boutique.
  6703 | D:7      | Bought a +0 buckler for 63 gold pieces
  6777 | D:7      | Reached XP level 10. HP: 41/64 MP: 0/0
  7315 | D:7      | Found Cowkeblu's Serpentskin Sales.
  7828 | D:8      | Found Rouc's Antique Weapon Shoppe.
  7830 | D:8      | Found Icedgh's Armour Boutique.
  7832 | D:8      | Found Wyevaop's Assorted Antiques.
  7861 | D:8      | Found Zadaowao's Antique Armour Shoppe.
  7962 | D:8      | Found a glowing golden altar of the Shining One.
  7988 | D:8      | Found a runed translucent gate.
  7988 | D:8      | Found a runed translucent gate.
  7988 | D:8      | Found a runed translucent gate.
  7988 | D:8      | Noticed seaoflcl's ghost (novice MiFi)
  7989 | D:8      | Noticed a kobold demonologist
  8268 | D:8      | Found Xempu's Book Emporium.
  8798 | D:9      | Reached **** piety under Hepliaklqana
  8803 | D:9      | Reached skill level 7 in Fighting
  8860 | D:9      | Found a snail-covered altar of Cheibriados.
  8924 | D:9      | Reached skill level 5 in Stealth
  8926 | D:9      | Noticed Maggie
  8932 | D:9      | Killed Maggie
  8933 | D:9      | Reached XP level 11. HP: 62/71 MP: 0/0
  8933 | D:9      | Learned a level 5 spell: Summon Forest
  8949 | D:9      | Noticed a two-headed ogre
  8955 | D:9      | Killed a two-headed ogre
  8956 | D:9      | Reached skill level 5 in Armour
  8956 | D:9      | Reached skill level 5 in Invocations
  8956 | D:9      | Reached skill level 5 in Evocations
  9151 | D:9      | Reached skill level 8 in Fighting
  9189 | D:9      | Noticed Joseph
  9205 | D:9      | Killed Joseph
  9620 | D:9      | Found a shimmering altar of Xom.
  9717 | D:10     | Entered Level 10 of the Dungeon
  9895 | D:10     | Found a staircase to the Orcish Mines.
 10295 | D:10     | Found a shadowy altar of Dithmenos.
 10496 | D:11     | Noticed a manticore
 10501 | D:11     | Killed a manticore
 10639 | D:11     | Reached XP level 12. HP: 79/79 MP: 0/0
 10696 | D:11     | Reached ***** piety under Hepliaklqana
 10789 | D:11     | Found a staircase to the Lair.
 10960 | D:11     | Reached skill level 9 in Fighting
 11153 | D:12     | Noticed Erolcha
 11157 | D:12     | Killed Erolcha
 11181 | D:12     | Noticed Nessos
 11191 | D:12     | Shot with an arrow by Nessos

Illustrated notes

Levels and vault maps discovered:
D:1:      dpeg_arrival_rooms_with_view, layout_rooms,
          shapermc_ecumenical_altar_mp_highgroup, minmay_splitting_lines
D:2:      layout_basic, corexii_corridor_pit
D:3:      layout_basic, mainiacjoe_overflow_alcove_4,
          mainiacjoe_overflow_alcove_2, mainiacjoe_overflow_catch_the_wave
D:4:      layout_gridville, nicolae_elyvilon_temple_path, vehumet_crystals,
          temple_green, gammafunk_ghost_grave, enter_ossuary_3,
          minmay_close_crescents, uniq_duvessa
D:5:      layout_loops_cross, nemelex_spade_bored_becter, st_stairs_14,
          uniq_pikel
D:6:      layout_cave_pools, chequers_serial_rivers_marsh, uniq_prince_ribbit1
D:7:      minmay_skewed_foursquare, layout_rooms, serial_shops, shop,
          serial_aquarium, aquarium_bridge_square [aquarium_subvault_bridge,
          aquarium_subvault_bridge, aquarium_subvault_bridge,
          aquarium_subvault_wall], aquarium_window_1, aquarium_window_1,
          aquarium_window_3, aquarium_view_2c, aquarium_pool_2,
          guppyfry_shop_venom
D:8:      layout_basic, tso_metal_star, serial_co_window_serial,
          co_window_paths_a, co_window_corner_a, co_window_corner_a,
          co_window_corner_a, co_window_paths_b, co_window_corner_cb,
          co_window_broadway_a, co_window_cross_2, co_window_broadway_b,
          co_window_unsneaky_path_d, co_window_corner_cb, co_window_corner_ca,
          glass_columns_a, glass_columns_c, glass_columns_b, glass_columns_a,
          serial_shops, nicolae_shop_stone, nicolae_shop_getting_attention,
          nicolae_shop_tiny_waterfront, shop, shop,
          gammafunk_ghost_nasty_kobolds
D:9:      layout_loops_ring, kennysheep_slug_shrine,
          nicolae_overflow_hidden_temple, onia_ninara_cookie, uniq_joseph,
          uniq_maggie
D:10:     layout_small_grid, grunt_dithmenos_smoke_and_mirrors, erik_orc_2
D:11:     layout_long_grid, lair_entry_dummy, grunt_tough_drop
D:12:     kennysheep_blocky_room, layout_cave_pools, uniq_nessos, uniq_erolcha,
          uniq_azrael

Skill      XL: |  1  2  3  4  5  6  7  8  9 10 11 12 |
---------------+-------------------------------------+-----
Fighting       | 1 2 3 5 6 7 8 9 |  9.2
Stealth        | 2 3 4 5 6 |  6.2
Dodging        | 3 4 5 6 7 |  7.6
Armour         | 1 2 3 4 5 6 |  6.3
Spellcasting   | 4 5 6 7 8 |  8.0
Invocations    | 1 3 4 5 6 |  6.2
Evocations     | 1 3 4 5 6 |  6.1

Action                     |  1- 3 |  4- 6 |  7- 9 | 10-12 || total
---------------------------+-------+-------+-------+-------++-------
  Melee: Unarmed           |     2 |       |       |       ||     2
         Staff             |     4 |     9 |     4 |     1 ||    18
   Cast: Magic Dart        |    61 |    52 |   223 |   268 ||   604
         Searing Ray       |       |    11 |    27 |     8 ||    46
         Summon Small Mamm |       |     8 |     7 |       ||    15
         Fulminant Prism   |       |     1 |    10 |    33 ||    44
         Iskenderun's Myst |       |       |    12 |    33 ||    45
 Invoke: Ancestor Life: Ba |       |       |     1 |       ||     1
    Use: Scroll            |       |       |     6 |     6 ||    12
         Potion            |       |       |     1 |       ||     1
 Armour: Robe              |     4 |     6 |     2 |       ||    12
         Steam dragon scal |       |       |     1 |     1 ||     2
         Troll leather arm |       |       |       |     2 ||     2
  Dodge: Dodged            |    11 |    17 |    21 |    32 ||    81
  Block: Buckler           |       |       |       |     4 ||     4
